 Dungeon Crawl Stone Soup version 0.30-b1-2-g02819fbbbe (webtiles) character file.

Game seed: 11156536883226716664

571759 raph the Slayer (level 26, -6/234 HPs)
             Began as a Hill Orc Fighter on Dec 23, 2023.
             Was the Champion of the Shining One.
             Killed from afar by an orb of fire (17 damage)
             ... with a fireball
             ... on level 5 of the Realm of Zot.
             The game lasted 01:41:43 (57021 turns).

raph the Slayer (Hill Orc Fighter)                 Turns: 57021, Time: 01:41:43

Health: -6/234     AC: 40    Str: 23      XL:     26   Next: 99%
Magic:  18/35      EV: 27    Int: 15 (16) God:    the Shining One [******]
Gold:   2774       SH: 37    Dex: 23      Spells: 25/25 levels left

rFire   + . .        a - +5 broad axe "Xaodo" {heavy, rCorr Dex+2}
rCold   + + +        s - +4 kite shield of Chimes {rN++ Regen+ rCorr Dex-4}
rNeg    + + +        d - +6 chain mail {rF+}
rPois   +            f - +1 helmet of Moankeaz {rElec Dex+4}
rElec   +            i - +4 dragonskin cloak
rCorr   +            R - +2 pair of gloves {Dex+3}
SInv    .            C - +2 pair of boots of the Unbroken {rC++ Int+4 Dex-4}
Will    +....        v - amulet "Ehejof" {Reflect Int+4 Slay+3 SH+5} Stlth
                     m - +5 ring of evasion
HPRegen 1.39/turn    c - +6 ring of dexterity
MPRegen 0.24/turn

%: reflection
@: mighty, divinely shielded, resistant, glowing, studying 2 skills, unable to
read, unable to drink
A: deterioration 1, frail 1, screaming 2, weak 1, evolution 1, heat
vulnerability 1, inability to drink after injury 1, inability to read after
injury 1
}: 3/15 runes: decaying, abyssal, gossamer
a: Renounce Religion, Divine Shield, Cleansing Flame, Summon Divine Warrior


You were on level 5 of the Realm of Zot.
You worshipped the Shining One.
The Shining One was exalted by your worship.
You visited 10 branches of the dungeon, and saw 47 of its levels.
You visited the Abyss 4 times.
You visited 2 bazaars.
You also visited: Trove, Gauntlet, Ice Cave and Desolation.

You collected 6976 gold pieces.
You spent 4202 gold pieces at shops.

Inventory:

Hand Weapons
 a - the +5 broad axe "Xaodo" (weapon) {heavy, rCorr Dex+2}
   (You bought it in a shop on level 2 of the Orcish Mines)

   Dex:       It affects your dexterity (+2).
   rCorr:     It protects you from acid and corrosion.
 b - a +9 broad axe of holy wrath
 w - a +1 war axe of flaming
Missiles
 g - 9 throwing nets
 j - 4 silver javelins
 z - 12 curare-tipped darts
 J - 26 boomerangs
 Y - 14 javelins (quivered)
Armour
 d - a +6 chain mail of fire resistance (worn)
 f - the +1 helmet of Moankeaz (worn) {rElec Dex+4}
   (You found it on level 2 of the Dungeon)

   Dex:       It affects your dexterity (+4).
   rElec:     It insulates you from electricity.
 i - the +4 dragonskin cloak (worn)
   (You took it off Tiamat on level 1 of the Realm of Zot)

   Avatar's Aegis: It grants the wearer a chance to resist fire, cold, poison,
   electricity, acid, and negative energy.
 s - the +4 kite shield of Chimes (worn) {rN++ Regen+ rCorr Dex-4}
   (You found it on level 2 of the Spider Nest)

   Dex:       It affects your dexterity (-4).
   rN:        It greatly protects you from negative energy.
   Regen:     It increases your rate of health regeneration.
   rCorr:     It protects you from acid and corrosion.
 C - the +2 pair of boots of the Unbroken (worn) {rC++ Int+4 Dex-4}
   (You found it in a Gauntlet)

   Int:       It affects your intelligence (+4).
   Dex:       It affects your dexterity (-4).
   rC:        It greatly protects you from cold.
 R - a +2 pair of gloves of dexterity (worn)
Jewellery
 c - a +6 ring of dexterity (right hand)
 m - a +5 ring of evasion (left hand)
 v - the amulet "Ehejof" (around neck) {Reflect Int+4 Slay+3 SH+5}
   (You found it in the Desolation of Salt)

   [amulet of reflection]

   It reflects blocked missile attacks.
   Int:       It affects your intelligence (+4).
   Slay:      It affects your accuracy & damage with ranged weapons and melee
   (+3).
   SH:        It affects your SH (+5).
 y - a +4 ring of protection
 G - a ring of fire
 I - a ring of willpower
 L - a +6 ring of intelligence
 O - the ring "Rajynah" {rPois rF+ rC+ Int+6 Dex-3}
   (You took it off a deep elf annihilator on level 3 of the Elven Halls)

   [ring of intelligence]

   Int:       It affects your intelligence (+6).
   Dex:       It affects your dexterity (-3).
   rF:        It protects you from fire.
   rC:        It protects you from cold.
   rPois:     It protects you from poison.
Wands
 o - a wand of polymorph (6)
 r - a wand of digging (30)
 x - a wand of mindburst (50)
 A - a wand of paralysis (27)
 D - a wand of flame (142)
 T - a wand of light (44)
 W - a wand of iceblast (40)
Scrolls
 e - 14 scrolls of teleportation
 n - 3 scrolls of magic mapping
 t - 7 scrolls of amnesia
 K - a scroll of butterflies
 M - 10 scrolls of fog
 P - 4 scrolls of blinking
 Q - a scroll of enchant weapon
 Z - a scroll of silence
Potions
 h - 24 potions of curing
 k - 11 potions of heal wounds
 l - 18 potions of flight
 p - 6 potions of cancellation
 q - a potion of brilliance
 u - 17 potions of ambrosia
 B - a potion of resistance
 E - 4 potions of berserk rage
 N - 3 potions of might
 S - 6 potions of haste
 U - 12 potions of mutation
 V - 4 potions of magic
Miscellaneous
 F - a tin of tremorstones (2/2)
 H - a box of beasts
 X - a lightning rod (4/4)


   Skills:
 + Level 26.1 Fighting
 + Level 22.0 Axes
 - Level 11.1 Throwing
 + Level 24.3 Armour
 + Level 18.8 Dodging
 - Level 15.4 Shields
 - Level 16.2 Invocations
 + Level 17.2 Evocations


You had 25 spell levels left.
You didn't know any spells.
Your spell library contained the following spells:

 Spells                   Type           Power      Damage    Failure   Level
 Apportation              Tloc           0%         N/A       67%         1
 Kiss of Death            Conj/Necr      0%         2d5       67%         1
 Magic Dart               Conj           0%         1d3       67%         1
 Necrotise                Necr           0%         1d4       67%         1
 Shock                    Conj/Air       0%         1d3       67%         1
 Slow                     Hex            0%         N/A       67%         1
 Sting                    Tmut/Pois      0%         1d3       67%         1
 Summon Small Mammal      Summ           0%         N/A       67%         1
 Call Imp                 Summ           0%         N/A       82%         2
 Cigotuvi's Dreadful Rot  Necr/Pois/Air  0%         N/A       82%         2
 Ensorcelled Hibernation  Hex/Ice        0%         N/A       82%         2
 Passwall                 Tmut/Erth      0%         N/A       82%         2
 Poisonous Vapours        Pois/Air       0%         N/A       82%         2
 Static Discharge         Conj/Air       0%         2-2/arc   82%         2
 Call Canine Familiar     Summ           0%         N/A       96%         3
 Confusing Touch          Hex            0%         N/A       96%         3
 Dazzling Flash           Conj/Hex       0%         N/A       96%         3
 Gell's Gravitas          Tloc           0%         N/A       96%         3
 Inner Flame              Hex/Fire       0%         N/A       96%         3
 Ozocubu's Armour         Ice            0%         N/A       96%         3
 Portal Projectile        Hex/Tloc       0%         N/A       96%         3
 Stone Arrow              Conj/Erth      0%         3d7       96%         3
 Summon Guardian Golem    Hex/Summ       0%         N/A       96%         3
 Swiftness                Air            0%         N/A       96%         3
 Teleport Other           Tloc           0%         N/A       96%         3
 Tukima's Dance           Hex            0%         N/A       96%         3
 Vampiric Draining        Necr           0%         2d6       96%         3
 Vhi's Electric Charge    Tloc/Air       0%         N/A       96%         3
 Volatile Blastmotes      Fire/Tloc      0%         2d10      96%         3
 Airstrike                Air            0%         2d(0-16)  100%        4
 Anguish                  Hex/Necr       0%         N/A       100%        4
 Dispel Undead            Necr           0%         3d6       100%        4
 Flame Wave               Conj/Fire      0%         2d4       100%        4
 Fulminant Prism          Conj/Hex       0%         3d5       100%        4
 Iskenderun's Mystic Bla  Conj/Tloc      0%         2d3       100%        4
 Leda's Liquefaction      Hex/Erth       0%         N/A       100%        4
 Olgreb's Toxic Radiance  Pois           0%         N/A       100%        4
 Sticky Flame             Conj/Fire      0%         2d3       100%        4
 Summon Ice Beast         Ice/Summ       0%         N/A       100%        4
 Summon Lightning Spire   Summ/Air       0%         N/A       100%        4
 Agony                    Necr           0%         N/A       100%        5
 Arcjolt                  Conj/Air       0%         1d10      100%        5
 Blade Hands              Tmut           0%         N/A       100%        5
 Freezing Cloud           Conj/Ice/Air   0%         6-21      100%        5
 Irradiate                Conj/Tmut      0%         3d11      100%        5
 Lee's Rapid Deconstruct  Erth           0%         3d4*      100%        5
 Metabolic Englaciation   Hex/Ice        0%         N/A       100%        5
 Silence                  Hex/Air        0%         N/A       100%        5
 Summon Mana Viper        Hex/Summ       0%         N/A       100%        5
 Yara's Violent Unravell  Hex/Tmut       0%         3d3       100%        5
 Conjure Ball Lightning   Conj/Air       0%         3x3d6     100%        6
 Dispersal                Tloc           0%         N/A       100%        6
 Eringya's Noxious Bog    Tmut/Pois      0%         N/A       100%        6
 Iron Shot                Conj/Erth      0%         9d1       100%        6
 Simulacrum               Ice/Necr       0%         N/A       100%        6
 Starburst                Conj/Fire      0%         6d3       100%        6
 Statue Form              Tmut/Erth      0%         N/A       100%        6
 Dragon Form              Tmut           0%         N/A       100%        7
 Enfeeble                 Hex            0%         N/A       100%        7
 Monstrous Menagerie      Summ           0%         N/A       100%        7
 Orb of Destruction       Conj           0%         9d5       100%        7
 Ozocubu's Refrigeration  Ice            0%         4d7       100%        7
 Spellforged Servitor     Conj/Summ      0%         N/A       100%        7
 Discord                  Hex            0%         N/A       100%        8
 Disjunction              Tloc           0%         N/A       100%        8
 Maxwell's Capacitive Co  Air            0%         ∞         100%        8
 Dragon's Call            Summ           0%         N/A       100%        9
 Polar Vortex             Ice            0%         N/A       100%        9
 Shatter                  Erth           0%         3d5*      100%        9


Dungeon Overview and Level Annotations

Branches:
Dungeon (15/15)            Temple (1/1) D:5            Lair (5/5) D:11
  Swamp (4/4) Lair:3       Spider (4/4) Lair:2        Slime (0/5) Lair:4
    Orc (2/2) D:12            Elf (3/3) Orc:2        Vaults (4/5) D:13
  Crypt (0/3) Vaults:2     Depths (4/4) D:15            Zot (5/5) Depths:4
  IceCv (visited)         Desolation (visited)      Gauntlet (visited)

Altars:
Ashenzari
Cheibriados
Dithmenos
Elyvilon
Fedhas
Gozag
Hepliaklqana
Kikubaaqudgha
Makhleb
Nemelex Xobeh
Okawaru
Qazlal
Ru
Sif Muna
Trog
Uskayaw
Vehumet
Wu Jian
Xom
Yredelemnul
Zin
The Shining One

Shops:
D:3 (   D:10 (   Orc:2 !(*:   Elf:1 (*[   Elf:2 (

Portals:
Hell: Lair:5 Depths:2 Depths:3 Depths:4
Abyss: Depths:3
Pandemonium: Depths:2 Depths:4
Ziggurat: Depths:1

Annotations:
D:7 2 transporters
Lair:5 2 transporters, mtoz's ghost, journeyman MiBe
Zot:4 3 runed translucent doors, Dawneret's ghost, master GnFi; Flapstick's ghost, legendary HaBe
Zot:5 1 exclusion


Innate Abilities, Weirdness & Mutations

Your body sometimes deteriorates upon taking damage.
You are frail. (-10% HP)
You frequently scream uncontrollably at your foes.
You are weak. (Str -2)
You have hidden genetic potential.
You are vulnerable to heat. (rF-)
You occasionally lose the ability to drink potions when taking damage.
You occasionally lose the ability to read scrolls when taking damage.


Message History

The orb of fire emits a lurid red light.
Strange energies course through your body.
You feel a strong urge to scream.
Your daeva hits the orb of fire with a +2 eudemon blade of holy wrath!!
Your daeva hits the orb of fire with a +2 eudemon blade of holy wrath.
You barely miss the orb of fire.
The orb of fire is almost destroyed.
You miss the orb of fire.
Your daeva calls down the wrath of the Shining One upon the orb of fire.
The orb of fire is smitten.
You hit the orb of fire.
The orb of fire is almost destroyed.
You slash the orb of fire!
The orb of fire glows yellow.
The fireball explodes!
The fireball engulfs you!!! You resist.
You feel threatened and lose the ability to read scrolls!
You feel threatened and lose the ability to drink potions!
* * * LOW HITPOINT WARNING * * *
Your body deteriorates!
You feel dopey.
The fireball engulfs the orb of fire.
The orb of fire completely resists.
The fireball engulfs the orb of fire.
The orb of fire completely resists.
The fireball engulfs your daeva!!!
Your daeva dies!
Your daeva dissolves into sparkling lights!
There are monsters nearby!
Activating: Cleansing Flame (0% risk of failure)
Press: ? - help, Dir - look around, f - activate The golden flame engulfs you but does no damage.
You resist.
The golden flame engulfs the orb of fire!!
The orb of fire is almost destroyed.
The golden flame engulfs the orb of fire!
You destroy the orb of fire!
The orb of fire glows deep purple.
The fireball explodes!
The fireball engulfs you! You resist.
* * * LOW HITPOINT WARNING * * *
The fireball engulfs the orb of fire.
The orb of fire completely resists.
The orb of fire glows red.
The fireball explodes!
The fireball engulfs you! You resist.
You die...

...#.............#*,,,,,,,,,,,,,,
...#.................,,,,**,,,***
####.........).......,,,,**,,,*
####........##...#*,,,**,,,*
#...<....#*####**********
###......# ##### ##.....######
#...#######.....[...# #...#...#
*#...*@...# #...#..⌠####...))...#
......^..........####
.................#
.................#
#########...##.### ######..# ##.#
*** ********D#******* *****


You could see an orb of fire.

Vanquished Creatures
  Tiamat (Zot:1)
  An ancient lich (Zot:5)
  3 orbs of fire
  The ghost of Alunk the Bludgeoner, a legendary GnFi of Cheibriados (Zot:3)
  5 curse toes
  6 golden dragons
  Arachne (Spider:2)
  5 bone dragons
  2 electric golems
  Zenata (Elf:1)
  A walking crystal tome (Depths:1)
  A lich (Depths:4)
  Jorgrun (Orc:1)
  9 Orb Guardians
  12 tentacled monstrosities
  Rupert (D:13)
  A quicksilver dragon (Zot:3)
  Asterion (Depths:1)
  3 deep elf blademasters
  A deep elf master archer (Elf:3)
  An Executioner (Abyss:4)
  Kirke (D:13)
  8 death cobs
  An eldritch tentacle (Zot:5)
  8 tentacled starspawn (Abyss:4)
  Gastronok (D:9)
  5 sphinxes
  Agnes (D:14)
  3 shadow dragons
  3 thorn hunters
  Roxanne (Swamp:1)
  3 tengu reavers
  10 storm dragons
  7 draconian monks
  5 fire giants
  2 draconian knights (Zot:1)
  12 deep elf sorcerers
  An iron dragon (Depths:2)
  6 emperor scorpions
  6 draconian scorchers
  6 frost giants
  6 draconian annihilators
  Louise (Elf:1)
  7 ghost moths
  4 draconian shifters
  5 deep elf elementalists (Elf:3)
  14 vault wardens
  3 spriggan defenders (Depths:2)
  3 orc warlords
  7 draconian stormcallers
  3 broodmothers (Spider:4)
  17 ironbound preservers
  A vampire knight (Depths:2)
  24 very ugly things
  An ophan (Abyss:4)
  9 ironbound thunderhulks
  A lorocyproca (Abyss:4)
  8 stone giants
  An eleionoma (Swamp:4)
  12 red draconians
  2 halazid warlocks (Desolation)
  Nessos (D:14)
  5 deep elf annihilators (Elf:3)
  15 black draconians
  8 green draconians
  A minotaur (Gauntlet)
  2 bunyips
  4 deep elf demonologists (Elf:3)
  A starcursed mass (Abyss:4)
  11 white draconians
  Azrael (D:13)
  11 purple draconians
  7 spark wasps
  5 dire elephants
  7 deep elf death magi (Elf:3)
  14 yellow draconians
  10 ettins
  Snorg (D:14)
  A green death (Abyss:4)
  A merfolk impaler (Depths:3)
  4 crystal guardians
  4 fire dragons
  A blizzard demon (Abyss:4)
  2 jiangshi
  13 yaktaur captains
  8 deep elf high priests
  4 great orbs of eyes
  5 servants of whispers (Desolation)
  2 shambling mangroves
  4 entropy weavers
  11 ragged hierophants
  7 peacekeepers
  4 spriggan air magi
  2 great orbs of eyes (shapeshifter) (Abyss:4)
  15 hydras
  2 caustic shrike simulacra
  7 rakshasas
  4 jorogumos
  3 vault guards (Vaults:3)
  7 ice dragons
  3 radroaches
  A catoblepas (D:15)
  5 ghost crabs
  Harold (Lair:2)
  8 ironbound frosthearts
  16 centaur warriors
  27 dancing weapons
  8 deep troll earth magi
  4 two-headed ogres
  3 tengu warriors
  9 alligators
  18 boulder beetles
  3 deep troll shamans
  7 spriggan berserkers
  2 orc high priests (Orc:2)
  2 hell hogs (Abyss:4)
  4 vampire magi
  8 deep elf knights
  A sun demon (Lair:5)
  11 thrashing horrors (Abyss:4)
  11 hell knights
  8 wretched stars (Abyss:4)
  Sonja (D:13)
  5 iron trolls
  4 storm dragon zombies
  7 spatial maelstroms (Abyss:4)
  3 sixfirhies (Gauntlet)
  2 skysharks
  7 pharaoh ants
  3 skeletal warriors (D:14)
  2 shadow wraiths (Abyss:4)
  5 sun moths
  4 goliath frogs
  59 deep trolls
  3 spriggan druids
  4 flayed ghosts
  4 spectral hydras
  8 bog bodies
  A golden dragon zombie (Depths:2)
  A phantasmal warrior (Swamp:4)
  A sphinx zombie (Depths:2)
  6 glowing orange brains
  5 wizards
  10 orb spiders
  2 orange crystal statues (IceCv)
  6 steelbarb worms
  13 lindwurms
  2 deep elf archers (Elf:2)
  13 orc knights
  A swamp dragon (Swamp:2)
  5 necromancers
  26 deep elf zephyrmancers
  A mana viper (Abyss:4)
  26 deep elf pyromancers
  A harpy (Vaults:3)
  14 ironbound convokers
  29 wolf spiders
  A wolf spider (shapeshifter) (Elf:3)
  3 manticores
  A human zombie (Vaults:4)
  4 orc sorcerers
  29 ugly things
  An oklob plant (Swamp:4)
  5 cyclopes
  6 will-o-the-wisps
  2 manticores (shapeshifter)
  32 moths of wrath
  A worldbinder (Abyss:4)
  10 apocalypse crabs
  A guardian serpent (Desolation)
  Maurice (D:9)
  5 elephants (Lair:5)
  A guardian serpent (shapeshifter) (Abyss:4)
  10 vault sentinels
  8 demonic crawlers
  5 gargoyles
  A black mamba (shapeshifter) (Abyss:4)
  5 black mambas
  4 orange demons
  4 torpor snails
  4 smoke demons (Abyss:4)
  An ice statue (D:12)
  Psyche (D:9)
  9 cane toads
  3 kobold demonologists
  3 hellions
  34 yaktaurs
  7 rime drakes
  2 efreet
  An anaconda simulacrum (IceCv)
  3 swamp worm zombies (Swamp:4)
  8 komodo dragons
  12 unseen horrors
  7 freezing wraiths
  2 ice devils (Lair:5)
  A tengu conjurer (Depths:2)
  4 ancient zymes (Abyss:4)
  2 hydra zombies (Swamp:4)
  3 golden dragon simulacra (IceCv)
  8 trolls
  A red devil (Lair:5)
  A queen bee (D:13)
  20 hornets
  3 hellwings
  11 meliai
  12 tyrant leeches
  A polar bear (shapeshifter) (D:14)
  2 spectral swamp dragons (Swamp:4)
  48 saltlings
  A hornet (shapeshifter) (Elf:1)
  A raiju (shapeshifter) (Depths:3)
  27 raiju
  26 tarantellas
  4 dream sheep (Lair:4)
  3 alligator zombies (Swamp:4)
  9 blink frogs (Lair:2)
  29 slime creatures
  31 culicivoras
  4 air elementals
  A frost giant simulacrum (Vaults:4)
  An ettin skeleton (Vaults:4)
  2 shadows
  28 jumping spiders
  A jumping spider (shapeshifter) (Abyss:4)
  2 vampires
  3 wraiths
  18 spriggans
  8 water elementals
  2 dire elephant simulacra (Swamp:1)
  35 yaks
  4 wyverns
  5 basilisks
  18 large abominations (Abyss:4)
  6 fire elementals
  21 humans
  Grum (D:8)
  3 hogs (D:13)
  58 redbacks
  Menkaure (D:5)
  A neqoxec (Abyss:4)
  11 vampire mosquitoes
  A chaos spawn (Abyss:4)
  14 spatial vortices (Abyss:4)
  3 minotaur simulacra (Swamp:1)
  6 harpy simulacra
  3 wargs
  2 acid dragons (D:11)
  11 swamp worms
  15 water moccasins
  8 hell hounds
  2 hydra simulacra (IceCv)
  4 swamp drakes
  A floating eye (Depths:2)
  24 orc warriors
  A sky beast (D:7)
  A black bear (Lair:2)
  5 swamp dragon zombies (Swamp:4)
  A spriggan simulacrum (Depths:2)
  22 wolves
  2 ettin simulacra (IceCv)
  9 ogres
  5 boggarts (Vaults:1)
  7 phantoms (Swamp:4)
  6 centaurs
  7 kobold brigands
  A spectral wyvern (Lair:3)
  17 bullfrogs
  2 glowing shapeshifter simulacra
  7 gnoll sergeants
  4 scorpions
  An earth elemental (Elf:2)
  2 deep troll simulacra (Swamp:1)
  14 wights
  2 lindwurm simulacra (IceCv)
  33 killer bees
  5 electric eels
  15 howler monkeys
  A gnoll bouda (D:8)
  28 orc priests
  9 small abominations (Abyss:4)
  6 hounds
  Jessica (D:3)
  4 iguanas
  A sleepcap (D:6)
  32 orc wizards
  12 hell rats
  A spectral swamp drake (Swamp:4)
  A swamp drake zombie (Swamp:4)
  35 gnolls
  5 adders
  A shadow imp (D:5)
  3 white imps
  An ufetubus (D:4)
  2 worms
  2 dart slugs
  84 orcs
  5 ball pythons
  7 bats
  3 endoplasms
  5 giant cockroaches
  3 goblins
  5 hobgoblins
  7 jackals
  28 kobolds
  6 frilled lizards
  6 rats
  14 briar patches
  2 lurking horrors (Abyss:4)
  6 spectral weapons (Depths:1)
  11 starspawn tentacles (Abyss:4)
2255 creatures vanquished.

Vanquished Creatures (collateral kills)
  Bai Suzhen (Spider:3)
  Nikola (Elf:1)
  A bone dragon (Abyss:4)
  A storm dragon (Zot:5)
  A draconian monk (Zot:3)
  2 imperial myrmidons (Desolation)
  2 black draconians
  A white draconian (Zot:3)
  2 ragged hierophants (Desolation)
  3 peacekeepers (Desolation)
  5 servants of whispers (Desolation)
  2 orc high priests (Orc:2)
  2 ironbound convokers (Desolation)
  2 deep elf pyromancers (Elf:1)
  2 guardian serpents (Desolation)
  25 saltlings (Desolation)
  2 spatial vortices (Abyss:4)
  4 orc warriors (Orc:2)
  An electric eel (Spider:3)
  5 orc priests (Orc:2)
  An iron imp (Abyss:4)
  7 orc wizards (Orc:2)
  2 orcs (Orc:2)
75 creatures vanquished.

Vanquished Creatures (others)
  A sphinx (Vaults:4)
  A fenstrider witch (Swamp:3)
  A deep elf elementalist (Elf:2)
  A draconian annihilator (Zot:4)
  A red draconian (Zot:5)
  A jiangshi (Abyss:4)
  A thrashing horror (Abyss:4)
  A deep elf knight (Elf:2)
  A wretched star (Abyss:4)
  A goliath frog (Swamp:3)
  2 smoke demons (Abyss:4)
  4 bloated husks
  A hornet (Swamp:3)
  2 small abominations (Abyss:4)
  2 vampire mosquitoes (Swamp:1)
  2 phantoms (Swamp:4)
  A spectral swamp drake (Swamp:4)
  A briar patch (Swamp:3)
  23 foxfires
  29 fungi
  A lurking horror (Abyss:4)
  66 plants
  18 starspawn tentacles (Abyss:4)
162 creatures vanquished.

Grand Total: 2492 creatures vanquished

Notes
Turn   | Place    | Note
-------+----------+-------------------------------------------
     0 | D:1      | raph the Hill Orc Fighter began the quest for the Orb.
     0 | D:1      | Reached XP level 1. HP: 19/19 MP: 1/1
   128 | D:1      | Reached XP level 2. HP: 26/26 MP: 2/2
   129 | D:1      | You fall into a shaft and drop 1 floor!
   154 | D:2      | Reached XP level 3. HP: 14/31 MP: 3/3
   175 | D:2      | Reached skill level 5 in Axes
   416 | D:2      | Reached XP level 4. HP: 26/39 MP: 4/4
   587 | D:2      | Identified the +1 helmet of Moankeaz {rElec Dex+4}
  1561 | D:2      | Reached XP level 5. HP: 45/45 MP: 5/5
  1833 | D:3      | Noticed Jessica
  1841 | D:3      | Killed Jessica
  2112 | D:3      | Found Fagaeg's Antique Weapon Emporium.
  2301 | D:3      | Reached XP level 6. HP: 51/51 MP: 6/6
  3501 | D:5      | Entered Level 5 of the Dungeon
  3522 | D:5      | Noticed Menkaure
  3540 | D:5      | Killed Menkaure
  3541 | D:5      | Reached XP level 7. HP: 5/57 MP: 7/7
  3850 | D:5      | Reached skill level 10 in Axes
  3965 | D:5      | Reached skill level 4 in Fighting
  4250 | D:5      | Found a staircase to the Ecumenical Temple.
  4266 | Temple   | Entered the Ecumenical Temple
  4457 | Temple   | Became a worshipper of the Shining One
  4494 | D:5      | Reached skill level 5 in Fighting
  4494 | D:5      | Found a shimmering altar of Xom.
  4693 | D:5      | Reached XP level 8. HP: 63/69 MP: 8/8
  5026 | D:6      | Reached skill level 6 in Fighting
  5444 | D:6      | Reached skill level 7 in Fighting
  5788 | D:7      | Noticed a kobold demonologist
  5840 | D:7      | Found a transporter.
  5844 | D:7      | Noticed an orc sorcerer
  5852 | D:7      | Noticed a kobold demonologist
  5877 | D:7      | Found a transporter.
  5912 | D:7      | Reached * piety under the Shining One
  6064 | D:7      | Reached XP level 9. HP: 80/81 MP: 9/9
  6093 | D:7      | Reached skill level 8 in Fighting
  6611 | D:8      | Reached skill level 9 in Fighting
  6732 | D:8      | Noticed Grum
  6753 | D:8      | Killed Grum
  6795 | D:8      | Reached skill level 10 in Fighting
  6820 | D:8      | Reached XP level 10. HP: 54/94 MP: 10/10
  6991 | D:8      | Reached skill level 11 in Fighting
  7008 | D:8      | Reached skill level 15 in Axes
  7313 | D:8      | Noticed a green ugly thing
  7325 | D:8      | Killed a green ugly thing
  7563 | D:8      | Noticed a cyclops
  7582 | D:8      | Killed a cyclops
  7583 | D:8      | Reached skill level 12 in Fighting
  7583 | D:8      | Reached skill level 1 in Invocations
  7779 | D:8      | Reached skill level 1 in Dodging
  7999 | D:8      | Found a burning altar of Makhleb.
  8139 | D:8      | Found a radiant altar of Vehumet.
  8148 | D:8      | Found an iron altar of Okawaru.
  8234 | D:8      | Found a glowing silver altar of Zin.
  8282 | D:8      | Reached ** piety under the Shining One
  8617 | D:8      | Reached XP level 11. HP: 104/104 MP: 12/12
  8664 | D:8      | Identified the +6 ring mail of Dishonour {rF+ Int+2 Dex+3}
  8802 | D:9      | Noticed Psyche
  8813 | D:9      | Killed Psyche
  8873 | D:9      | Noticed Maurice
  8882 | D:9      | Paralysed by Maurice for 5 turns
  8895 | D:9      | Paralysed by something for 4 turns
  8901 | D:9      | Killed Maurice
  9175 | D:9      | Reached skill level 5 in Armour
  9459 | D:9      | Noticed Gastronok
  9473 | D:9      | Killed Gastronok
  9474 | D:9      | Reached skill level 5 in Shields
 10116 | D:10     | Entered Level 10 of the Dungeon
 10152 | D:10     | Found a stormy altar of Qazlal.
 10309 | D:10     | Found Peif Dom's Antique Weapon Shop.
 10353 | D:10     | Reached skill level 5 in Invocations
 10549 | D:10     | Reached *** piety under the Shining One
 10673 | D:10     | Identified the -1 cloak of the Sailor {Str+2}
 10836 | D:11     | Found a staircase to the Lair.
 10891 | D:11     | Reached skill level 13 in Fighting
 11104 | D:11     | Noticed a two-headed ogre
 11111 | D:11     | Killed a two-headed ogre
 11112 | D:11     | Reached skill level 1 in Throwing
 11112 | D:11     | Reached skill level 1 in Evocations
 11112 | D:11     | Reached XP level 12. HP: 108/115 MP: 15/15
 11300 | D:11     | Noticed a centaur warrior
 11304 | D:11     | Noticed a soul eater
 11306 | D:11     | Killed a centaur warrior
 11794 | Lair:1   | Entered Level 1 of the Lair of Beasts
 12110 | Lair:1   | Reached **** piety under the Shining One
 12821 | Lair:2   | Reached skill level 5 in Dodging
 12962 | Lair:2   | Identified the +7 trident "Giantbane" {antimagic, Will+}
 12990 | Lair:2   | Reached skill level 14 in Fighting
 12990 | Lair:2   | Reached skill level 10 in Armour
 13159 | Lair:2   | Reached XP level 13. HP: 115/124 MP: 17/17
 13262 | Lair:2   | Found a hole to the Spider Nest.
 13518 | Lair:2   | Noticed Harold
 13529 | Lair:2   | Killed Harold
 14585 | Lair:3   | Found a staircase to the Swamp.
 14982 | Lair:4   | Found a staircase to the Slime Pits.
 15142 | Lair:4   | Reached skill level 15 in Fighting
 15881 | Lair:5   | Entered Level 5 of the Lair of Beasts
 16041 | Lair:5   | Reached XP level 14. HP: 125/135 MP: 19/21
 16189 | Lair:5   | Found a burning altar of Makhleb.
 16190 | Lair:5   | Reached ***** piety under the Shining One
 16234 | Lair:5   | Found a gateway to Hell.
 16511 | Lair:5   | Reached skill level 10 in Invocations
 16946 | Lair:5   | Reached skill level 16 in Fighting
 17075 | Lair:5   | Noticed mtoz's ghost (journeyman MiBe)
 17152 | Lair:5   | Found a transporter.
 17155 | Lair:5   | Found a transporter.
 18363 | D:12     | Found a staircase to the Orcish Mines.
 18668 | Orc:1    | Entered Level 1 of the Orcish Mines
 18700 | Orc:1    | Noticed Jorgrun
 18727 | Orc:1    | Killed Jorgrun
 18744 | Orc:1    | Noticed an orc warlord
 18746 | Orc:1    | Reached skill level 15 in Armour
 19072 | D:12     | Killed an orc warlord
 19655 | Orc:2    | Entered Level 2 of the Orcish Mines
 20012 | Orc:2    | Found a staircase to the Elven Halls.
 20145 | Orc:2    | Reached XP level 15. HP: 118/145 MP: 14/23
 20167 | Orc:2    | Found Peocim's Distillery.
 20167 | Orc:2    | Found Ukomeuky's Weapon Emporium.
 20170 | Orc:2    | Found Podin's Book Shoppe.
 20175 | Orc:2    | Reached ****** piety under the Shining One
 20176 | Orc:2    | Found Wistoan's Assorted Antiques.
 20294 | Orc:2    | Bought 2 potions of curing for 90 gold pieces
 20294 | Orc:2    | Bought a potion of curing for 45 gold pieces
 20294 | Orc:2    | Bought a potion of curing for 45 gold pieces
 20297 | Orc:2    | Bought the +5 broad axe "Xaodo" {heavy, rCorr Dex+2} for
                  | 588 gold pieces
 20300 | Orc:2    | Bought 2 potions of haste for 660 gold pieces
 20648 | Orc:1    | Paralysed by an orc sorcerer for 4 turns
 21232 | D:13     | Found a gate to the Vaults.
 21233 | D:13     | Noticed Sonja
 21238 | D:13     | Killed Sonja
 21239 | D:13     | Reached skill level 17 in Fighting
 21438 | D:13     | Identified the +0 robe of Sloth {Int+2}
 21483 | D:13     | Noticed Rupert
 21506 | D:13     | Killed Rupert
 21832 | D:13     | Noticed Kirke
 21834 | D:13     | Noticed Azrael
 21848 | D:13     | Killed Kirke
 21854 | D:13     | Killed Azrael
 22514 | D:14     | Found a stormy altar of Qazlal.
 22525 | D:14     | Found a gate leading to a gauntlet.
 22532 | Gauntlet | Entered a Gauntlet
 22532 | Gauntlet | Found a transporter.
 22532 | Gauntlet | Found a transporter.
 22549 | Gauntlet | Found a transporter.
 22558 | Gauntlet | Found a large runed translucent door.
 22559 | Gauntlet | Found a large runed translucent door.
 22559 | Gauntlet | Found a transporter.
 22560 | Gauntlet | Found a large runed translucent door.
 22560 | Gauntlet | Found a large runed translucent door.
 22560 | Gauntlet | Found a large runed translucent door.
 22560 | Gauntlet | Found a large runed translucent door.
 22560 | Gauntlet | Found a large runed translucent door.
 22560 | Gauntlet | Found a large runed translucent door.
 22561 | Gauntlet | Found a runed translucent door.
 22561 | Gauntlet | Found a runed translucent gate.
 22562 | Gauntlet | Found a transporter.
 22562 | Gauntlet | Found a runed translucent gate.
 22562 | Gauntlet | Found a transporter.
 22564 | Gauntlet | Found a transporter.
 22564 | Gauntlet | Found a transporter.
 22576 | Gauntlet | Found a transporter.
 22592 | Gauntlet | Found a transporter.
 22602 | Gauntlet | Found a transporter.
 22616 | Gauntlet | Found a transporter.
 22628 | Gauntlet | Found a large runed translucent door.
 22629 | Gauntlet | Found a large runed translucent door.
 22630 | Gauntlet | Found a large runed translucent door.
 22630 | Gauntlet | Found a large runed translucent door.
 22630 | Gauntlet | Found a large runed translucent door.
 22630 | Gauntlet | Found a large runed translucent door.
 22631 | Gauntlet | Found a runed translucent gate.
 22631 | Gauntlet | Found a large runed translucent door.
 22631 | Gauntlet | Found a runed translucent door.
 22631 | Gauntlet | Found a large runed translucent door.
 22636 | Gauntlet | Found a transporter.
 22639 | Gauntlet | Found a runed translucent gate.
 22639 | Gauntlet | Found a runed translucent gate.
 22639 | Gauntlet | Found a runed translucent gate.
 22648 | Gauntlet | Found a transporter.
 22684 | Gauntlet | Identified the staff of fire "Ommiagag" {rF+ Str+2 Int+3}
 22685 | Gauntlet | Reached XP level 16. HP: 157/157 MP: 25/25
 22714 | Gauntlet | Identified the +0 cloak of the Sea {Dex+3 Stlth+}
 22732 | Gauntlet | Identified the +2 pair of boots of the Unbroken {rC++ Int+4
                  | Dex-4}
 23006 | D:14     | Noticed Nessos
 23016 | D:14     | Noticed Agnes
 23034 | D:14     | Killed Agnes
 23035 | D:14     | Killed Nessos
 23227 | D:14     | Reached skill level 10 in Dodging
 23489 | D:14     | Reached XP level 17. HP: 163/163 MP: 27/27
 23651 | D:14     | Noticed Snorg
 23656 | D:14     | Killed Snorg
 23758 | D:15     | Entered Level 15 of the Dungeon
 23810 | D:15     | Found a staircase to the Depths.
 23872 | D:15     | Reached skill level 18 in Fighting
 24536 | D:15     | Found an ornate altar of the Wu Jian Council.
 24832 | Swamp:1  | Entered Level 1 of the Swamp
 25086 | Swamp:1  | Found a frozen archway.
 25109 | IceCv    | Entered an ice cave
 25480 | IceCv    | Identified the staff of fire "Kiusk" {rF+ rC- rCorr Str+5}
 25622 | Swamp:1  | Noticed Roxanne
 25635 | Swamp:1  | Killed Roxanne
 25859 | Swamp:1  | You fall into a shaft and drop 1 floor!
 26940 | Swamp:2  | Reached skill level 15 in Invocations
 27591 | Swamp:3  | Identified the +5 spear "Cumeur" {flame, Str+3}
 27610 | Swamp:3  | Paralysed by a fenstrider witch for 5 turns
 27617 | Swamp:3  | Reached XP level 18. HP: 142/174 MP: 29/29
 27653 | Swamp:3  | Reached skill level 19 in Fighting
 28341 | Swamp:4  | Entered Level 4 of the Swamp
 28837 | Swamp:4  | Identified a +2 broad axe of holy wrath (a +0 broad axe
                  | blessed by the Shining One)
 28837 | Swamp:4  | Received a gift from the Shining One
 28978 | Swamp:4  | Noticed a bone dragon
 29233 | Swamp:4  | Killed a bone dragon
 29415 | Swamp:4  | Got a decaying rune of Zot
 29589 | Spider:1 | Entered Level 1 of the Spider Nest
 30590 | Spider:1 | Identified the +0 pair of gloves of Qiefyik {rPois Str+4}
 31273 | Spider:2 | Identified the +4 morningstar "Koqonilu" {freeze, rElec
                  | Will++}
 31355 | Spider:2 | Noticed Arachne
 31372 | Spider:2 | Killed Arachne
 31377 | Spider:2 | Reached XP level 19. HP: 24/184 MP: 25/31
 31628 | Spider:2 | Reached skill level 20 in Fighting
 31874 | Spider:2 | Identified the +4 kite shield of Chimes {rN++ Regen+ rCorr
                  | Dex-4}
 32566 | Spider:3 | Noticed Bai Suzhen
 32581 | Spider:3 | Killed Bai Suzhen
 32674 | Spider:3 | Identified a scroll of acquirement
 32683 | Spider:3 | Acquired a manual of Dodging
 33038 | Spider:4 | Entered Level 4 of the Spider Nest
 33069 | Spider:4 | Reached skill level 10 in Shields
 33450 | Spider:4 | Reached skill level 5 in Evocations
 34021 | Spider:4 | Reached skill level 5 in Throwing
 34028 | Spider:4 | Got a gossamer rune of Zot
 34698 | Depths:1 | Entered Level 1 of the Depths
 34764 | Vaults:1 | Entered Level 1 of the Vaults
 34852 | Vaults:1 | Found a crumbling gateway.
 34866 | Desolati | Entered the Desolation of Salt
 34888 | Desolati | Reached XP level 20. HP: 186/195 MP: 32/32
 34947 | Desolati | Found the +18 shield of the Gong {Loud rN+ Will+ rCorr
                  | EV-5}
 34951 | Desolati | Identified the +0 broad axe "raph's Bane" {freeze, Fragile
                  | rElec Int+2}
 34958 | Desolati | Identified the ring "Kokaasud" {Wiz rC+ Str+2 Int+2}
 34970 | Desolati | Identified the +5 short sword of the Warrior-Mage {venom,
                  | Fly rElec rPois}
 35170 | Desolati | Reached skill level 21 in Fighting
 35335 | Desolati | Got the Compendium of the Gift and Doom
 35352 | Desolati | Identified the staff of fire "Teamm" {rF+ Stlth+}
 35353 | Desolati | Identified the ring of Makhleb's Displeasure {Wiz rElec}
 35355 | Desolati | Identified the amulet "Ehejof" {Reflect Int+4 Slay+3 SH+5}
 35376 | Desolati | Identified the +4 ring mail of Cymuor {rPois rCorr MP+9
                  | Dex-2}
 35379 | Desolati | Identified the +3 shortbow of the Hammering Seer {speed,
                  | rN++}
 35399 | Desolati | Identified the ring "Juprog" {rElec rN+ rCorr Int+3 Stlth-}
 36941 | Vaults:2 | Reached XP level 21. HP: 191/205 MP: 33/33
 36969 | Vaults:2 | Identified the +0 scale mail "Meebo" {*Corrode rPois rN++
                  | Str+6}
 37090 | Vaults:2 | Found a staircase to the Crypt.
 37819 | Vaults:2 | Reached skill level 15 in Dodging
 38398 | Vaults:3 | Found a flickering gateway to a bazaar.
 38409 | Bazaar   | Entered a bazaar
 38409 | Bazaar   | Found Fahaur's General Store.
 38434 | Bazaar   | Found Nauq Nuwovi's Antique Armour Shop.
 38454 | Bazaar   | Found Sarianinoe's Antique Weapon Shop.
 38482 | Bazaar   | Bought faintly humming pearl dragon scales for 1966 gold
                  | pieces
 38482 | Bazaar   | Identified the +2 pearl dragon scales of Tyme Doqem {rC+
                  | rN+ Int+4} (You bought it in a shop in a bazaar)
 38940 | Vaults:3 | Reached skill level 22 in Fighting
 39488 | Vaults:4 | Reached XP level 22. HP: 187/215 MP: 34/34
 39514 | Vaults:4 | Got Fiedaifa's Octavo of the Blazing Glacier
 39728 | Vaults:4 | Noticed a golden dragon
 39729 | Vaults:4 | Identified the +1 leather armour of the Poles {*Corrode
                  | rC+++ rN+ Int-3}
 39740 | Vaults:4 | Killed a golden dragon
 39788 | Vaults:4 | Identified the +1 ring mail of Gravitas {rElec rC- Str+3}
 39800 | Vaults:4 | Identified the +5 ring mail of Curiosity {rC+}
 39876 | Vaults:4 | Paralysed by a great orb of eyes for 3 turns
 39983 | Vaults:4 | Identified the +7 dagger of Haunted Subterfuge {flame, rF-
                  | rN+ Dex+5 Stlth+}
 40006 | Vaults:4 | Reached skill level 10 in Evocations
 40643 | Elf:1    | Entered Level 1 of the Elven Halls
 40646 | Elf:1    | Noticed Nikola
 40661 | Elf:1    | Killed Nikola
 40691 | Elf:1    | Noticed Louise
 40704 | Elf:1    | Killed Louise
 40791 | Elf:1    | Found Pitrurghi's Assorted Antiques.
 40808 | Elf:1    | Bought a scroll of blinking for 210 gold pieces
 40808 | Elf:1    | Bought a potion of haste for 280 gold pieces
 40808 | Elf:1    | Bought a potion of curing for 84 gold pieces
 40841 | Elf:1    | Found Sifisk's Armour Shoppe.
 41021 | Elf:1    | Got Sif Muna's Folio of Amalgamated Trauma
 41173 | Elf:1    | Noticed Zenata
 41189 | Elf:1    | Killed Zenata
 41329 | Elf:1    | Found Ruocis's Weapon Emporium.
 41510 | Elf:2    | Paralysed by an air elemental for 1 turns
 41647 | Elf:2    | Found Vuep's Antique Weapon Boutique.
 41654 | Elf:2    | Identified the +7 short sword of Suicidal Tendencies
                  | {heavy, Dex+2}
 41730 | Elf:2    | Found a runed translucent gate.
 41731 | Elf:2    | Found a runed translucent gate.
 41731 | Elf:2    | Found a runed translucent gate.
 42307 | Elf:3    | Entered Level 3 of the Elven Halls
 42319 | Elf:3    | Reached XP level 23. HP: 225/225 MP: 35/35
 42509 | Elf:3    | Paralysed by an air elemental for 1 turns
 42572 | Elf:3    | Reached skill level 10 in Throwing
 42593 | Abyss:4  | Found a corrupted altar of Lugonu.
 42593 | Abyss:4  | Cast into level 4 of the Abyss (a deep elf sorcerer)
 42627 | Abyss:4  | Found a corrupted altar of Lugonu.
 42654 | Abyss:4  | Found a shimmering altar of Xom.
 42656 | Abyss:4  | Found a shimmering altar of Xom.
 42657 | Abyss:4  | Found a shimmering altar of Xom.
 42658 | Abyss:4  | Found a shimmering altar of Xom.
 42658 | Abyss:4  | Found a shimmering altar of Xom.
 42658 | Abyss:4  | Found a shimmering altar of Xom.
 42658 | Abyss:4  | Found a corrupted altar of Lugonu.
 42658 | Abyss:4  | Found a shimmering altar of Xom.
 42658 | Abyss:4  | Found a shimmering altar of Xom.
 42658 | Abyss:4  | Found a shimmering altar of Xom.
 42659 | Abyss:4  | Found a shimmering altar of Xom.
 42679 | Abyss:4  | Found a shimmering altar of Xom.
 42679 | Abyss:4  | Found a shimmering altar of Xom.
 42679 | Abyss:4  | Found a shimmering altar of Xom.
 42679 | Abyss:4  | Found a shimmering altar of Xom.
 42679 | Abyss:4  | Found a shimmering altar of Xom.
 42762 | Abyss:4  | Found a shimmering altar of Xom.
 42774 | Elf:3    | Escaped the Abyss
 42978 | Abyss:4  | Found a corrupted altar of Lugonu.
 42978 | Abyss:4  | Cast into level 4 of the Abyss (a deep elf sorcerer)
 43025 | Abyss:4  | Found an iron altar of Okawaru.
 43050 | Abyss:4  | Reached skill level 23 in Fighting
 43066 | Elf:3    | Escaped the Abyss
 43249 | Elf:3    | Identified the amulet of Vuicsanne {Spirit rN+ Str-5 Dex+5}
 43325 | Elf:3    | Identified the +9 shortbow "Yfaq Tue" {antimagic, rPois rC+
                  | rCorr Str+2}
 43374 | Elf:3    | Identified the ring "Rajynah" {rPois rF+ rC+ Int+6 Dex-3}
 43379 | Elf:3    | Identified the +0 long sword of Somewhere Else {venom,
                  | rPois Int+2}
 43409 | Elf:3    | Reached skill level 15 in Shields
 43440 | Abyss:4  | Cast into level 4 of the Abyss (a deep elf sorcerer)
 43509 | Abyss:4  | Found a corrupted altar of Lugonu.
 43956 | Elf:3    | Escaped the Abyss
 44029 | Elf:3    | Identified the +8 morningstar of the Elven Halls {freeze,
                  | rElec Stlth+}
 44039 | Elf:3    | Reached XP level 24. HP: 236/236 MP: 35/35
 44083 | Elf:3    | Identified the +7 shortbow of Reinforcement {antimagic,
                  | Str+4 Int+3}
 44106 | Elf:3    | Identified the +0 scimitar of Kismet {heavy, rN++ rCorr
                  | Int-2}
 44218 | Elf:3    | Got the Volume of the Other Side
 44256 | Elf:3    | Got the Treatise on Austromancy
 44735 | Depths:1 | Noticed Asterion
 44770 | Depths:1 | Killed Asterion
 44840 | Depths:1 | Identified the +2 short sword "Mysha" {freeze, rCorr Int+3}
 45344 | Depths:1 | Found a one-way gateway to a ziggurat.
 45513 | Depths:2 | Found a one-way gate leading to the halls of Pandemonium.
 45562 | Depths:2 | Reached skill level 24 in Fighting
 45588 | Depths:2 | Found a flickering gateway to a bazaar.
 45601 | Bazaar   | Entered a bazaar
 45601 | Bazaar   | Found Yjyste's Antique Weapon Shop.
 45601 | Bazaar   | Found Nyegiwko's Book Shop.
 45601 | Bazaar   | Found Taemioxe's Assorted Antiques.
 45607 | Bazaar   | Bought a potion of haste for 180 gold pieces
 45615 | Bazaar   | Bought a scroll of teleportation for 54 gold pieces
 45679 | Depths:2 | Identified the +2 robe of the Cockatrice {Dex+3}
 46323 | Depths:2 | Paralysed by a vampire knight for 5 turns
 47356 | Depths:3 | Found a one-way gate to the infinite horrors of the Abyss.
 47499 | Depths:3 | Found a portal to a secret trove of treasure.
 47502 | Depths:3 | You paid a toll of 6 scrolls of fear to enter a treasure
                  | trove
 47503 | Trove    | Entered a treasure trove
 47514 | Trove    | Identified the staff of poison "Acacyt" {rPois rF+ Stlth+}
 47533 | Trove    | Identified the staff of conjuration "Ceiguhet" {Int+2}
 48138 | Depths:4 | Entered Level 4 of the Depths
 48257 | Depths:4 | Reached XP level 25. HP: 199/247 MP: 35/35
 48558 | Depths:4 | Found a gate to the Realm of Zot.
 48646 | Depths:4 | Found a shadowy altar of Dithmenos.
 49295 | Depths:3 | Voluntarily entered the Abyss.
 49397 | Abyss:4  | Paralysed by you for 4 turns
 49464 | Abyss:4  | Got an abyssal rune of Zot
 49477 | Depths:3 | Escaped the Abyss
 49609 | Zot:1    | Entered Level 1 of the Realm of Zot
 49719 | Depths:4 | HP: 2/248 [green draconian monk[a yellow draconian
                  | annihilator] (29)]
 50509 | Zot:1    | Noticed an orb of fire
 50518 | Zot:1    | Gained mutation: You occasionally shout uncontrollably at
                  | your foes. [an orb of fire]
 50520 | Zot:1    | Killed an orb of fire
 50639 | Zot:1    | Found the +4 dragonskin cloak
 50639 | Zot:1    | Noticed Tiamat
 50645 | Zot:1    | Reached skill level 25 in Fighting
 50661 | Zot:1    | Killed Tiamat
 50681 | Zot:1    | HP: 9/249 [poisoned by a green draconian (poison gas)]
 51434 | Zot:1    | Identified the staff of poison "Doed Qyapuon" {rPois Str+3}
 51437 | Zot:1    | Identified the staff of conjuration "Viocruto" {rF++ Will+
                  | Int-2}
 52321 | Zot:2    | Reached skill level 15 in Evocations
 52396 | Zot:2    | Reached XP level 26. HP: 173/258 MP: 35/35
 52952 | Zot:2    | You fall into a shaft and drop 2 floors!
 52967 | Zot:4    | Identified the +6 broad axe "Xumug" {vamp, Drain rF++}
 53146 | Zot:3    | Found a large runed translucent door.
 53148 | Zot:3    | Found a large runed translucent door.
 53148 | Zot:3    | Noticed Alunk's ghost (legendary GnFi)
 55495 | Zot:3    | Killed Alunk's ghost
 56061 | Zot:4    | Found a runed translucent gate.
 56066 | Zot:4    | Found a runed translucent gate.
 56066 | Zot:4    | Found a runed translucent gate.
 56084 | Zot:4    | Noticed Flapstick's ghost (legendary HaBe)
 56084 | Zot:4    | Noticed Dawneret's ghost (master GnFi)
 56318 | Zot:5    | Entered Level 5 of the Realm of Zot
 56474 | Zot:5    | Noticed an orb of fire
 56495 | Zot:5    | Killed an orb of fire
 56513 | Zot:4    | Reached skill level 26 in Fighting
 56823 | Zot:5    | Noticed an ancient lich
 56842 | Zot:5    | Killed an ancient lich
 56994 | Zot:5    | Noticed an orb of fire
 56995 | Zot:5    | Noticed an orb of fire
 56997 | Zot:5    | Gained mutation: You are vulnerable to heat. (rF-) [an orb
                  | of fire]
 57002 | Zot:5    | Identified the +6 tower shield of the Blessed Realm {+Blink
                  | rPois MP-9 Stlth+}
 57003 | Zot:5    | Gained mutation: You have hidden genetic potential. [an orb
                  | of fire]
 57003 | Zot:5    | Gained mutation: You are frail. (-10% HP) [an orb of fire]
 57009 | Zot:5    | Gained mutation: Your body sometimes deteriorates upon
                  | taking damage. [an orb of fire]
 57010 | Zot:5    | Gained mutation: You are weak. (Str -2) [an orb of fire]
 57015 | Zot:5    | Gained mutation: You occasionally lose the ability to read
                  | scrolls when taking damage. [an orb of fire]
 57017 | Zot:5    | Gained mutation: You occasionally lose the ability to drink
                  | potions when taking damage. [an orb of fire]
 57018 | Zot:5    | Gained mutation: You frequently scream uncontrollably at
                  | your foes. [an orb of fire]
 57021 | Zot:5    | Killed an orb of fire
 57021 | Zot:5    | HP: 11/234 [orb of fire/fireball (14)]
 57021 | Zot:5    | Killed from afar by an orb of fire

Illustrated notes

Levels and vault maps discovered:
D:1:      giann_forest_graveyard, layout_basic, minmay_box_of_dots
D:2:      layout_basic
D:3:      layout_loops_corners, serial_shops, shop, uniq_jessica
D:4:      layout_cave_pods
D:5:      layout_gridville, brannock_xom_greatest_gift, temple_green,
          uniq_menkaure
D:6:      layout_rooms
D:7:      gammafunk_wand_slinger, layout_loops_ring
D:8:      lemuel_castle_with_subvaults [lemuel_castle_interior_carwin_1],
          layout_loops_ring, zin_treasury, nicolae_overflow_crystal_walls,
          mainiacjoe_overflow_divided_tiny, kennysheep_small_spiral,
          minmay_ruffians, uniq_grum
D:9:      layout_long_grid, minmay_misc_feat_enclosed, uniq_psyche,
          uniq_gastronok, uniq_maurice
D:10:     layout_roguey, mainiacjoe_overflow_cross_hatched, serial_shops,
          nicolae_square_shop
D:11:     layout_roguey, lair_entry_dummy, minmay_misc_feat_alley,
          kennysheep_kite_vault
D:12:     layout_roguey, hiddenorc1_lemuel, minmay_statue_bubble
D:13:     minmay_evil_eye, layout_basic, david_vaults_3, special_room
          [special_room_bee], uniq_sonja, uniq_azrael, uniq_rupert, uniq_kirke
D:14:     layout_loops_ring, gauntlet_entry_generic,
          nicolae_qazlal_eye_of_the_storm, uniq_nessos, uniq_agnes, uniq_snorg
D:15:     grunt_enter_depths_giant_problem, layout_basic, nrook_pool_corridor,
          nzn_wu_jian_council_hall
Temple:   compressed_dpeg_triangle_lava_temple
Lair:1:   layout_cave_pods, grunt_megastairs_3, serial_bayou_shore_a
Lair:2:   layout_gridlike, hellmonk_spider_entry_not_the_bees,
          nicolae_quartered_pool_little, st_stairs_4, grunt_megastairs_2,
          uniq_harold
Lair:3:   layout_roguey, nicolae_swamp_entry_spooky
Lair:4:   layout_cave_pods, slime_entry_1
Lair:5:   evil_forest, layout_layer_cave, gammafunk_ghost_hive,
          chequers_serial_rivers_micro_d
Swamp:1:  layout_falls_marsh, portal_ice_cave_entry_ice_simulacra,
          evilmike_swamp_ruin_rubble_1, swamp_pool5, nicolae_swamp_bean_lake,
          uniq_roxanne
Swamp:2:  layout_basic_swamp, evilmike_swamp_ruin_rubble_2,
          infiniplex_staircase_pool_2
Swamp:3:  layout_falls_marsh, evilmike_swamp_ruin_house_1
Swamp:4:  swamp_pestilence, layout_basic_swamp
Spider:1: layout_chambers, drop_trap, hellmonk_motheaten_closet
Spider:2: layout_spider_delve, nicolae_spider_bug_shape, uniq_arachne
Spider:3: layout_spider_delve, uniq_bai_suzhen
Spider:4: guppyfry_spider_rune, hangedman_stitches_earthworm
Orc:1:    layout_caves, special_room [special_room_orc], uniq_jorgrun
Orc:2:    st_orc_mages, layout_caves
Elf:1:    minmay_elf_arrival_circle, layout_loops_cross, serial_shops, shop,
          shop, nicolae_shop_bloodbath_and_beyond, minmay_elf_sorcery,
          uniq_louise, uniq_nikola, uniq_zenata
Elf:2:    nicolae_elf_blades_crystal_corner, layout_rooms, serial_shops,
          nicolae_square_shop, nrook_mini_backslash
Elf:3:    nooodl_elf_gasket, layout_loops_cross, fountainhead
Vaults:1: portal_desolation_entry_nicolae_nacl, v_misc_24,
          nicolae_vaults_tetromino_T_1, vaults_dpeg_ring, grunt_vaults_funnel,
          nicolae_vaults_three_branches, nicolae_vaults_crenellated_ambush,
          v_misc_2, nicolae_vaults_hexular_roomagon, layout_vaults_omnigrid
Vaults:2: minmay_crypt_entry_simple_round, nicolae_vaults_mitosis, v_misc_18,
          hangedman_vaults_maws, hangedman_vaults_nails, ontoclasm_vaults_spin,
          nicolae_vaults_trapezoid_1, grunt_vaults_swirl, vaults_dpeg_hooks,
          nicolae_vaults_variable_pillar_hall,
          nicolae_vaults_trapezoid_lopsided_1, layout_vaults_chaotic_city
Vaults:3: nicolae_vaults_wrenched, st_eye, hangedman_vaults_corner_blocks,
          nicolae_vaults_inception_scallops, nicolae_vaults_angled_halls,
          layout_vaults_ring, serial_shops, bzr_entry_safe
Vaults:4: v_misc_2, ontoclasm_vaults_ligature, nicolae_vaults_gold_heap,
          nicolae_vaults_double_plus_2, vaults_room_pool,
          nicolae_vaults_storing_the_good_stuff, v_misc_16, v_misc_26,
          nicolae_vaults_what_the_h, vaults_standard_mumra_x, v_pattern_3,
          hangedman_vaults_pinch, ontoclasm_vaults_fault, layout_vaults_omnibox
Depths:1: layout_roguey, enter_ziggurat_f, grunt_hell_horde,
          reono_crystal_passage, minmay_fractal_squares_gapless_7, uniq_asterion
Depths:2: minmay_cut_squares, layout_honeycomb, pan_entry, kennysheep_nub,
          hangedman_tar_grid_catacomb, serial_shops, bzr_entry_gold,
          kennysheep_boxes
Depths:3: minmay_curly_fans, layout_basic, minmay_misc_feat_x,
          marbit_kobold_abyss_entry, grunt_hell_entry_dis_mu,
          trove_entry_hex_spiral
Depths:4: grunt_zot_entry_gee_three, layout_basic, hell_entry,
          grunt_pan_entry_zigzag, minmay_fountain_box,
          grunt_dithmenos_smoke_and_mirrors, uniq_grunn
Zot:1:    gammafunk_mikee_crab_dinner, layout_onion_interference, st_stairs_8,
          hangedman_hellfire_club, uniq_tiamat
Zot:2:    layout_twisted_circle
Zot:3:    layout_gridlike, ebering_ghost_disaster_area
Zot:4:    layout_onion, gammafunk_ghost_cemetery, grunt_megastairs_5
Zot:5:    layout_misc_corridors

Skill      XL: |  1  2  3  4  5  6  7  8  9 10 11 12 13 14 15 16 17 18 19 20 21 22 23 24 25 26 |
---------------+-------------------------------------------------------------------------------+-----
Axes           | 3 4 5 6 8 9 11 12 14 15 16 17 18 19 20 22 | 22.0
Fighting       | 5 7 10 12 13 14 15 16 17 18 19 20 21 22 23 24 25 26 | 26.1
Invocations    | 2 5 6 9 11 13 15 16 | 16.2
Dodging        | 1 3 5 7 8 9 10 11 12 13 14 15 16 17 18 | 18.8
Armour         | 4 7 10 13 15 16 17 18 19 20 21 22 23 24 | 24.3
Shields        | 4 6 9 10 12 13 14 15 | 15.4
Throwing       | 1 3 5 7 8 9 11 | 11.1
Evocations     | 1 3 5 7 9 10 11 12 15 17 | 17.2

Action                     |  1- 3 |  4- 6 |  7- 9 | 10-12 | 13-15 | 16-18 | 19-21 | 22-24 | 25-27 || total
---------------------------+-------+-------+-------+-------+-------+-------+-------+-------+-------++-------
  Melee: War axe           |    57 |   166 |   277 |   496 |   815 |    56 |       |       |       ||  1867
         Broad axe         |       |       |       |       |   177 |   906 |   957 |  1293 |   885 ||  4218
  Throw: Javelin           |       |       |     2 |    12 |    13 |     6 |     5 |    13 |     8 ||    59
         Throwing net      |       |       |       |     1 |       |       |       |       |       ||     1
         Dart              |       |       |       |       |       |     3 |       |       |       ||     3
 Invoke: Divine Shield     |       |       |       |       |     6 |     8 |     3 |     5 |     5 ||    27
         Cleansing Flame   |       |       |       |       |     3 |     1 |     2 |     6 |     6 ||    18
         Summon Divine War |       |       |       |       |     1 |       |     2 |     3 |     5 ||    11
         Brand Weapon With |       |       |       |       |       |     1 |       |       |       ||     1
  Evoke: Wand              |       |       |     1 |       |       |     1 |       |     2 |     1 ||     5
         Lightning rod     |       |       |       |       |       |     2 |       |       |       ||     2
    Use: Scroll            |       |    13 |     7 |     7 |     7 |     8 |     9 |     2 |    13 ||    66
         Potion            |       |       |     4 |     4 |     5 |     2 |     2 |     5 |    12 ||    34
 Armour: Scale mail        |    30 |    51 |    62 |       |       |       |       |       |       ||   143
         Chain mail        |       |       |    41 |    45 |   161 |   389 |   423 |   334 |   402 ||  1795
         Ring mail         |       |       |       |    83 |    91 |       |       |       |       ||   174
         Skin              |       |       |       |       |     1 |       |       |       |     1 ||     2
  Dodge: Dodged            |    21 |    91 |   129 |   282 |   856 |  1043 |   850 |   774 |   789 ||  4835
  Block: Buckler           |    10 |    43 |    71 |   169 |   495 |   282 |       |       |       ||  1070
         Kite shield       |       |       |       |       |       |   390 |  1251 |  1463 |  1319 ||  4423
         Reflection        |       |       |       |       |       |       |    56 |    60 |    13 ||   129
